AoeStats
← HeroSan

Arabia

510627220Analyzed
1v1 RM · 2d ago on Oct 1, 2026· 24m 45s· 2 players
Game mode
Random Map
Map size
Tiny (2 player)
Population
200
Speed
Normal
Resources
Standard
Victory
Conquest
Starting age
Dark Age
Ending age
Imperial Age
RankedLock teamsTeams togetherTeam positionsShared explorationLock speedFull tech treeHidden civsTurbo modeCheats
Victory
Defeat
🇦🇷 Chinese · Argentina
1504
+15
🇺🇦 Saxons · Ukraine
1479
-15
Rude Unhinged POS
6:19 Loom
8:42 Feudal Age
9:26 Double-Bit Axe
15:24 Fletching
21:31 Castle Age
19:58 Horse Collar
21:27 Bloodlines
21:22 Scale Barding Armor
22:16 Forging
24:41 Gold Mining
HeroSan
0:29 Loom
8:59 Feudal Age
9:54 Double-Bit Axe
14:18 Fletching
20:11 Castle Age
18:52 Padded Archer Armor
19:25 Gold Mining
19:16 Horse Collar
20:30 Crossbowman
21:05 Bodkin Arrow
22:43 Bow Saw
23:25 Scale Barding Armor
Connection lost

Rejoining the realm…

Still unreachable

The connection could not be restored.

Session expired

The server has moved on; the page needs a fresh start.